 Dungeon Crawl Stone Soup version 0.25.1-2-g60ff931df9 (webtiles) character file.

Game seed: 9991043586493210909

15827 DildoBatman the Fighter (level 12, -4/93 HPs)
             Began as a Formicid Wizard on Sept 16, 2020.
             Was an Elder of Kikubaaqudgha.
             Slain by Jorgrun
             ... wielding an uncursed staff of earth
              (7 damage)
             ... while petrified by Jorgrun
             ... on level 1 of the Orcish Mines on Sept 17, 2020.
             The game lasted 01:12:46 (15175 turns).

DildoBatman the Fighter (Formicid Wizard)          Turns: 15175, Time: 01:12:46

Health: -4/93      AC: 10    Str: 18    XL:     12   Next: 62%
Magic:  16/20      EV: -1    Int: 22    God:    Kikubaaqudgha [****..]
Gold:   685        SH:  0    Dex: 12    Spells: 1/22 levels left

rFire    . . .     SeeInvis +   f - +3 arbalest "Onuqigis" {flame, rN+ MR+ Str+3 SInv Stlth-}
rCold    + . .     Gourm    .   I - +0 buckler
rNeg     + + +     Faith    .   T - +1 robe {rC+}
rPois    ∞         Spirit   .   (helmet unavailable)
rElec    .         Reflect  .   S - +1 cloak
rCorr    .         Harm     .   g - +2 pair of gloves {Dex+3}
MR       ++...                  (no boots)
Stlth    +.........             r - amulet of regeneration
HPRegen  0.65/turn              h - ring of poison resistance
MPRegen  0.17/turn              O - ring of positive energy

@: petrified, grasped by roots, constricted, studying Invocations
A: permanent stasis, dig shafts and tunnels, four strong arms, antennae 3,
iridescent scales 1, deformed body, strong 1, wild magic 1
a: Dig, Shaft Self, Receive Corpses, Renounce Religion


You were on level 1 of the Orcish Mines.
You worshipped Kikubaaqudgha.
Kikubaaqudgha was greatly pleased with you.
You were not hungry.

You visited 3 branches of the dungeon, and saw 12 of its levels.

You collected 885 gold pieces.
You spent 200 gold pieces at shops.

Inventory:

Hand Weapons
 a - a +2 vorpal shortbow
 b - a +2 war axe of electrocution
 d - a +0 falchion of electrocution
 f - the +3 arbalest "Onuqigis" (weapon) {flame, rN+ MR+ Str+3 SInv Stlth-}
   (You found it on level 10 of the Dungeon)

   It causes projectiles fired from it to burn those they strike, causing extra
   injury to most foes and up to half again as much damage against particularly
   susceptible opponents.
   It affects your strength (+3).
   It protects you from negative energy.
   It affects your resistance to hostile enchantments.
   It lets you see invisible.
   It makes you less stealthy.
Missiles
 c - 7 poisoned darts
 e - 263 stones
 l - 11 sling bullets
 n - 234 arrows
 A - 8 javelins
 J - 15 bolts (quivered)
 N - 2 throwing nets
 W - 5 silver boomerangs
Armour
 g - a +2 pair of gloves of dexterity (worn)
 I - a +0 buckler (worn)
 S - a +1 cloak (worn)
 T - a +1 robe of cold resistance (worn)
 V - quicksilver dragon scales
Magical Staves
 K - an uncursed staff of fire
 U - an uncursed staff of cold
Jewellery
 h - a ring of poison resistance (left hand)
 r - an amulet of regeneration (around neck)
 O - a ring of positive energy (right hand)
Wands
 R - a wand of enslavement (11)
Scrolls
 k - a scroll of brand weapon {unknown}
 q - 2 scrolls of enchant armour
 t - a scroll of fog {unknown}
 w - 5 scrolls of immolation
 x - 6 scrolls of remove curse
 z - a scroll of identify
 C - 2 scrolls of magic mapping
 F - a scroll of torment {unknown}
 H - a scroll of fear {unknown}
 L - a scroll of blinking {unknown}
 P - a scroll of noise {unknown}
 Q - a scroll of enchant weapon {unknown}
Potions
 i - a potion of heal wounds {unknown}
 j - 3 potions of lignification {unknown}
 o - a potion of resistance {unknown}
 s - a potion of stabbing {unknown}
 u - 5 potions of curing
 D - a potion of berserk rage {unknown}
 E - 2 potions of might
 G - 2 potions of haste {unknown}
 M - 3 potions of cancellation {unknown}
Books
 Z - a manual of Invocations
Comestibles
 m - 11 chunks of flesh
 v - 25 rations


   Skills:
 - Level 8.2 Fighting
 - Level 8.1 Armour
 - Level 7.0 Dodging
 - Level 4.0 Stealth
 - Level 3.0 Shields
 - Level 5.7 Spellcasting
 - Level 6.0 Conjurations
   Level 1.0 Summonings
 * Level 6.6 Necromancy
   Level 0.8 Translocations
 - Level 5.0 Fire Magic
 - Level 5.0 Air Magic
 * Level 7.3 Earth Magic


You had one spell level left.
You knew the following spells:

 Your Spells              Type           Power        Failure   Level  Hunger
a - Conjure Flame         Conj/Fire      #####...     5%          3    ##.....
b - Borgnjor's Vile Clut  Necr/Erth      #####.....   21%         5    #####..
c - Magic Dart            Conj           ####         1%          1    None
d - Vampiric Draining     Necr           #####.....   3%          3    ##.....
e - Mephitic Cloud        Conj/Pois/Air  ####....     10%         3    ##.....
h - Dispel Undead         Necr           #####...     10%         4    ####...
z - Sublimation of Blood  Necr           #####.....   1%          2    None

Your spell library contained the following spells:

 Spells                   Type           Power        Failure   Level  Hunger
 Pain                     Necr           ####         1%          1    None
 Foxfire                  Conj/Fire      ####         2%          1    None
 Corpse Rot               Necr/Air       N/A          2%          2    None
 Passwall                 Tmut/Erth      ####....     5%          2    None
 Call Imp                 Summ           ##......     14%         2    None
 Inner Flame              Hex/Fire       ###.....     14%         3    ##.....
 Sticky Flame             Conj/Fire      #####...     14%         4    ####...
 Lee's Rapid Deconstruct  Erth           ######....   19%         5    #####..
 Slow                     Hex            #.......     21%         2    None
 Agony                    Necr           #####...     24%         5    #####..
 Gell's Gravitas          Tloc           ##........   28%         3    ##.....
 Petrify                  Tmut/Erth      ####....     28%         4    ####...
 Fireball                 Conj/Fire      #####.....   34%         5    #####..
 Confusing Touch          Hex            #.......     36%         3    ##.....
 Passage of Golubria      Tloc           N/A          63%         4    ####...
 Excruciating Wounds      Chrm/Necr      ####......   63%         5    #####..
 Metabolic Englaciation   Hex/Ice        #.........   97%         5    #####..
 Yara's Violent Unravell  Hex/Tmut       #.........   97%         5    #####..
 Simulacrum               Ice/Necr       ####......   99%         6    #######
 Darkness                 Hex            #.........   100%        6    #######
 Invisibility             Hex            #.......     100%        6    #######
 Swiftness                Chrm/Air       Unusable     N/A         2    N/A
 Blink                    Tloc           Unusable     N/A         2    N/A

Dungeon Overview and Level Annotations

Branches:
Dungeon (10/15)            Temple (1/1) D:7            Lair (0/6) D:10
    Orc (1/2) D:9

Altars:
Ashenzari
Cheibriados
Dithmenos
Elyvilon
Fedhas
Gozag
Hepliaklqana
Kikubaaqudgha
Makhleb
Nemelex Xobeh
Okawaru
Qazlal
Ru
Sif Muna
Trog
Uskayaw
Vehumet
Wu Jian
Xom
Yredelemnul
Zin
The Shining One

Shops:
D:4 (?[[%   Orc:1 *

Annotations:
D:1 exclusion: downstairs
Orc:1 Jorgrun


Innate Abilities, Weirdness & Mutations

You cannot be hasted, slowed, berserked, paralysed or teleported.
You can dig through walls and to a lower floor.
Your four strong arms can wield two-handed weapons with a shield.
You have a pair of large antennae on your head. (SInv)
You are partially covered in iridescent scales. (AC +2)
Armour fits poorly on your strangely shaped body.
Your muscles are strong. (Str +2)
Your spells are a little harder to cast, but a little more powerful.


Message History

The blast of petrified fragments hits the orc!!
The orc dies!
The grasping roots constrict you. The grasping roots constrict you!
The ogre hits you with a +0 giant club!!
The grasping roots constrict you. The ogre hits you with a +0 giant club!
The grasping roots constrict you. Jorgrun gestures at you while chanting.
The grasping roots constrict you!
The ogre hits you with a +0 giant club!!
The grasping roots constrict you! The ogre completely misses you.
The grasping roots constrict you! The ogre hits you with a +0 giant club!
Jorgrun hits you with an uncursed staff of earth.
The grasping roots constrict you!
Jorgrun hits you with an uncursed staff of earth!
You die...
Kikubaaqudgha rasps: "You have failed me!
Welcome... oblivion!"

...#..{...#$$#.##
#...#.#.##......#
#.....#.#......##
...............#
...#.......#...##
...∩#...........##
.................##
#..............O#.##
#..............g@..#
.#...>..........#.##
................###
................##
.................##
#.........##......##
...........#..#....#
..............#....##
#..............#....#


You could see Jorgrun and an ogre.

Vanquished Creatures
  Fannar (D:10)
  A two-headed ogre (D:8)
  An orc high priest (Orc:1)
  An unseen horror (D:10)
  Pikel (D:4)
  An orc knight (Orc:1)
  An orc sorcerer (Orc:1)
  Maurice (D:10)
  An ice statue (D:10)
  A komodo dragon (D:10)
  A troll (D:9)
  Prince Ribbit (D:8)
  A hippogriff (D:10)
  Sigmund (D:2)
  17 yaks
  Eustachio (D:6)
  3 hungry ghosts
  A steam dragon (D:10)
  Menkaure (D:5)
  A hornet zombie (D:10)
  6 phantoms
  3 sky beasts
  13 orc warriors
  An ice beast (D:7)
  4 slaves (D:5)
  An eye of draining (D:10)
  A necrophage (D:10)
  9 ogres
  A crocodile (D:7)
  8 centaurs
  7 bullfrogs
  A gnoll sergeant (D:9)
  4 scorpions
  2 troll zombies (D:9)
  10 killer bees
  4 wights
  7 electric eels
  5 howler monkeys
  A centaur zombie (D:6)
  6 crimson imps
  4 hounds
  3 jellies
  11 orc wizards
  Crazy Yiuf (D:6)
  5 centaur skeletons
  7 orc priests
  A gnoll shaman (D:6)
  Jessica (D:2)
  4 iguanas
  12 worker ants
  6 ogre zombies (D:9)
  2 hound skeletons
  A worker ant zombie (D:9)
  13 gnolls
  12 adders
  2 shadow imps
  An ooze (D:2)
  2 adder skeletons
  A worm (D:3)
  A dart slug (D:5)
  5 leopard geckos
  48 orcs
  6 giant cockroaches
  7 goblins
  11 hobgoblins
  5 jackals
  A quokka (D:2)
  9 bats
  4 frilled lizards
  3 goblin zombies (D:9)
  A hobgoblin skeleton (D:9)
  A jackal skeleton (D:4)
  8 kobolds
  A leopard gecko skeleton (D:7)
  4 orc skeletons (D:9)
  17 orc zombies (D:9)
  A quokka skeleton (D:6)
  9 rats
  2 fungi (D:6)
365 creatures vanquished.

Vanquished Creatures (collateral kills)
  A killer bee (D:10)
1 creature vanquished.

Vanquished Creatures (others)
  2 electric eels (D:8)
  An orc (Orc:1)
  3 plants
6 creatures vanquished.

Grand Total: 372 creatures vanquished

Notes
Turn   | Place    | Note
-------+----------+-------------------------------------------
     0 | D:1      | DildoBatman the Formicid Wizard began the quest for the
                  | Orb.
     0 | D:1      | Reached XP level 1. HP: 13/13 MP: 4/4
    26 | D:1      | Reached skill level 1 in Conjurations
   376 | D:1      | Reached XP level 2. HP: 19/19 MP: 3/6
   836 | D:1      | Reached XP level 3. HP: 24/24 MP: 3/7
   865 | D:1      | Learned a level 3 spell: Conjure Flame
   869 | D:1      | Learned a level 3 spell: Mephitic Cloud
  1394 | D:2      | Noticed Jessica
  1809 | D:2      | Found a shattered altar of Ashenzari.
  1906 | D:2      | Noticed Sigmund
  2083 | D:2      | Reached XP level 4. HP: 30/30 MP: 2/8
  2671 | D:3      | Reached XP level 5. HP: 29/35 MP: 0/9
  3548 | D:4      | Found Ruraown's Antique Weapon Emporium.
  3552 | D:4      | Found a stormy altar of Qazlal.
  3552 | D:4      | Found a sacrificial altar of Ru.
  3571 | D:4      | Reached XP level 6. HP: 38/41 MP: 6/10
  3607 | D:5      | Entered Level 5 of the Dungeon
  3775 | D:5      | Reached skill level 5 in Conjurations
  3855 | D:5      | Reached skill level 1 in Fire Magic
  4076 | D:5      | Reached skill level 1 in Air Magic
  4244 | D:4      | Found Uplunkao's Food Shoppe.
  4370 | D:5      | Noticed an orc warrior
  4386 | D:5      | Found a white marble altar of Elyvilon.
  4521 | D:5      | Reached XP level 7. HP: 34/46 MP: 5/11
  4975 | D:5      | Noticed Pikel
  5495 | D:6      | Reached skill level 1 in Fighting
  5495 | D:6      | Reached skill level 1 in Armour
  5495 | D:6      | Reached XP level 8. HP: 54/54 MP: 5/12
  5554 | D:6      | Found a white marble altar of Elyvilon.
  5554 | D:6      | Found a hide-covered altar of Uskayaw.
  5825 | D:6      | Found a runed translucent door.
  5896 | D:6      | Found a shadowy altar of Dithmenos.
  6278 | D:6      | Found a sparkling altar of Nemelex Xobeh.
  6434 | D:6      | Noticed Menkaure
  6656 | D:6      | Noticed Eustachio
  6696 | D:5      | Reached XP level 9. HP: 25/63 MP: 10/13
  7588 | D:7      | Found a staircase to the Ecumenical Temple.
  7599 | Temple   | Entered the Ecumenical Temple
  7832 | Temple   | Became a worshipper of Kikubaaqudgha
  8188 | D:7      | Found an iron altar of Okawaru.
  8685 | D:6      | Noticed Crazy Yiuf
  8739 | D:6      | Killed Crazy Yiuf
  9025 | D:6      | Killed Eustachio
  9025 | D:6      | Reached skill level 5 in Fire Magic
  9025 | D:6      | Reached XP level 10. HP: 73/73 MP: 11/14
  9116 | D:5      | Killed Menkaure
  9456 | D:4      | Killed Pikel
  9456 | D:4      | Reached skill level 5 in Fighting
  9456 | D:4      | Reached skill level 5 in Armour
  9456 | D:4      | Reached skill level 5 in Dodging
  9562 | D:4      | Found Gabezousann's Antique Armour Shoppe.
  9597 | D:4      | Found Diniogaz's Magic Scroll Emporium.
  9999 | D:4      | Found Ydiejyti's Antique Armour Boutique.
 10119 | D:2      | Killed Sigmund
 10150 | D:2      | Killed Jessica
 10526 | D:8      | Noticed a two-headed ogre
 10607 | D:8      | Reached skill level 5 in Air Magic
 10608 | D:8      | Found a burning altar of Makhleb.
 10763 | D:8      | Reached skill level 1 in Necromancy
 10820 | D:8      | Found a sparkling altar of Nemelex Xobeh.
 10831 | D:8      | Reached * piety under Kikubaaqudgha
 10831 | D:8      | Identified Kikubaaqudgha's Compendium of Necromancy
                  | (Kikubaaqudgha gifted it to you on level 8 of the Dungeon)
 10831 | D:8      | Received a gift from Kikubaaqudgha
 10909 | D:8      | Reached XP level 11. HP: 58/83 MP: 6/15
 11168 | D:8      | Killed a two-headed ogre
 11174 | D:8      | Learned a level 2 spell: Sublimation of Blood
 11178 | D:8      | Learned a level 3 spell: Vampiric Draining
 11287 | D:8      | Found an ornate altar of the Wu Jian Council.
 11400 | D:8      | Noticed Prince Ribbit
 11404 | D:8      | Killed Prince Ribbit
 11781 | D:9      | Reached ** piety under Kikubaaqudgha
 12174 | D:9      | Reached *** piety under Kikubaaqudgha
 12174 | D:9      | Identified Kikubaaqudgha's Papyrus of Unholy Rites
                  | (Kikubaaqudgha gifted it to you on level 9 of the Dungeon)
 12174 | D:9      | Received a gift from Kikubaaqudgha
 12288 | D:9      | Found a shimmering blue altar of Sif Muna.
 12363 | D:9      | Found a staircase to the Orcish Mines.
 12566 | D:9      | Reached skill level 1 in Shields
 12572 | D:9      | Learned a level 4 spell: Dispel Undead
 12668 | D:9      | Found a snail-covered altar of Cheibriados.
 12986 | D:10     | Entered Level 10 of the Dungeon
 13061 | D:10     | Reached skill level 5 in Necromancy
 13198 | D:10     | Noticed Maurice
 13228 | D:10     | Killed Maurice
 13266 | D:10     | Found a staircase to the Lair.
 13430 | D:10     | Reached **** piety under Kikubaaqudgha
 13446 | D:10     | Noticed an unseen horror
 13481 | D:10     | Killed an unseen horror
 13481 | D:10     | Reached XP level 12. HP: 64/93 MP: 14/19
 13513 | D:10     | Reached skill level 5 in Spellcasting
 13844 | D:10     | Noticed Fannar
 13864 | D:10     | Killed Fannar
 14178 | D:10     | Learned a level 5 spell: Borgnjor's Vile Clutch
 14247 | D:10     | Reached skill level 1 in Earth Magic
 14375 | D:10     | Got a pitted arbalest
 14399 | D:10     | Gained mutation: You have large cloven feet. [potion of
                  | mutation]
 14399 | D:10     | Gained mutation: You are partially covered in slimy green
                  | scales. (AC +2) [potion of mutation]
 14399 | D:10     | Gained mutation: Your flesh is heat resistant. (rF+)
                  | [potion of mutation]
 14400 | D:10     | Lost mutation: You have large cloven feet. [potion of
                  | mutation]
 14400 | D:10     | Lost mutation: Your flesh is heat resistant. (rF+) [potion
                  | of mutation]
 14400 | D:10     | Lost mutation: You are partially covered in slimy green
                  | scales. (AC +2) [potion of mutation]
 14400 | D:10     | Gained mutation: Your muscles are strong. (Str +2) [potion
                  | of mutation]
 14400 | D:10     | Gained mutation: Your magical capacity is low. (-10% MP)
                  | [potion of mutation]
 14400 | D:10     | Gained mutation: You are partially covered in iridescent
                  | scales. (AC +2) [potion of mutation]
 14401 | D:10     | Lost mutation: Your magical capacity is low. (-10% MP)
                  | [potion of mutation]
 14401 | D:10     | Gained mutation: Armour fits poorly on your strangely
                  | shaped body. [potion of mutation]
 14401 | D:10     | Gained mutation: Your spells are a little harder to cast,
                  | but a little more powerful. [potion of mutation]
 14406 | D:10     | Identified the cursed +3 arbalest "Onuqigis" {flame, rN+
                  | MR+ Str+3 SInv Stlth-} (You found it on level 10 of the
                  | Dungeon)
 14581 | D:4      | Bought a pair of runed gloves for 187 gold pieces
 14704 | Orc:1    | Entered Level 1 of the Orcish Mines
 14705 | Orc:1    | Noticed an orc high priest
 14725 | Orc:1    | Killed an orc high priest
 14725 | Orc:1    | Reached skill level 5 in Earth Magic
 15037 | Orc:1    | Found Pukhlykhe's General Store.
 15107 | Orc:1    | Bought a potion of degeneration for 13 gold pieces
 15141 | Orc:1    | Noticed Jorgrun
 15174 | Orc:1    | HP: 3/93 [Jorgrun/uncursed staff of earth (4)]
 15175 | Orc:1    | Slain by Jorgrun

Illustrated notes

Levels and vault maps discovered:
D:1:      grunt_arrival_lava_bath, layout_rooms
D:2:      wad_pebble_path, layout_basic, old_standard_altar, minmay_misc_feat_x,
          minmay_tetromino_s2, uniq_sigmund, uniq_jessica
D:3:      layout_loops_ring
D:4:      layout_layer_cave, gammafunk_temple_overflow_statue, serial_shops,
          kennysheep_little_box, shop, shop, nicolae_shop_overgrown_old_shop,
          shop, first_ration
D:5:      layout_basic, basic_altar, uniq_pikel
D:6:      layout_basic, lemuel_round_altar, gammafunk_temple_overflow_elements,
          wad_floor_pattern_untrapped, nemelex_diamond_rough_becter,
          uniq_crazy_yiuf_cottage, uniq_menkaure, uniq_eustachio
D:7:      layout_basic, okawaru_gym_becter, temple_fountains,
          chequers_mini_garden, minmay_starry_boxes
D:8:      layout_gridville, kennysheep_mini_moat, lemuel_doored_altar,
          lemuel_coloured_pillars_altar, enter_bailey_3, grunt_ogre_cave,
          nicolae_two_hexagons, serial_bayou_lake_a, uniq_prince_ribbit1
D:9:      layout_loops_ring, marbit_many_paths, lemuel_round_altar,
          zombieorc2_lemuel
D:10:     statuecave_lemuel, layout_long_grid, david_lair_shrubbed,
          uniq_maurice, uniq_fannar
Temple:   jpeg_temple_alley_garden
Orc:1:    layout_caves, serial_shops, shop, abandoned_shop, uniq_jorgrun

Skill      XL: |  1  2  3  4  5  6  7  8  9 10 11 12 |
---------------+-------------------------------------+-----
Conjurations   | 1 2 3 4 5 6 |  6.0
Stealth        | 3 4 |  4.0
Fire Magic     | 1 2 3 5 |  5.0
Air Magic      | 1 2 3 4 5 |  5.0
Dodging        | 2 3 4 6 7 |  7.0
Fighting       | 1 3 4 6 8 |  8.2
Armour         | 1 2 4 6 8 |  8.1
Necromancy     | 2 5 6 |  6.6
Shields        | 3 |  3.0
Spellcasting   | 4 5 |  5.7
Earth Magic    | 7 |  7.3
Summonings     | |  1.0
Translocations | |  0.8

Action                   |  1- 3 |  4- 6 |  7- 9 | 10-12 || total
-------------------------+-------+-------+-------+-------++-------
Melee: Club              |    18 |       |       |       ||    18
       Short sword       |       |    75 |       |       ||    75
       War axe           |       |       |   214 |   459 ||   673
       Falchion          |       |       |       |   100 ||   100
 Fire: Hunting sling     |       |       |   157 |       ||   157
       Shortbow          |       |       |       |    54 ||    54
 Cast: Magic Dart        |   108 |    90 |    61 |    50 ||   309
       Mephitic Cloud    |       |     5 |    21 |    82 ||   108
       Conjure Flame     |       |     3 |    25 |    29 ||    57
       Dispel Undead     |       |       |       |     2 ||     2
       Borgnjor's Vile C |       |       |       |     8 ||     8
 Abil: Dig               |     2 |    10 |    21 |    23 ||    56
  Use: Scroll            |       |     6 |       |     5 ||    11
       Potion            |       |       |       |     4 ||     4
 Stab: Confused          |       |     3 |     5 |    31 ||    39
       Sleeping          |       |       |       |     3 ||     3
  Eat: Chunk             |     4 |     5 |    12 |    27 ||    48
       Ration            |       |     1 |     3 |     2 ||     6
Armor: Robe              |     1 |     6 |       |    27 ||    34
       Leather armour    |       |     2 |    45 |    68 ||   115
Dodge: Dodged            |    34 |    64 |   172 |   397 ||   667
Block: Buckler           |       |       |       |    38 ||    38
       Rpst.: Falchion   |       |       |       |    19 ||    19
